 Dungeon Crawl Stone Soup version 0.27.1-33-g824d729ab1 (webtiles) character file.

Game seed: 5996828633155245127

5 zeram the Caller (level 1, 0/11 HPs)
             Began as an Octopode Summoner on Dec 25, 2021.
             Slain by a jackal (3 damage)
             ... on level 1 of the Dungeon.
             The game lasted 00:00:26 (236 turns).

zeram the Caller (Octopode Summoner)                 Turns: 236, Time: 00:00:26

Health: 0/11       AC:  1    Str:  7    XL:     1   Next: 80%
Magic:  2/3        EV: 13    Int: 17    God:
Gold:   6          SH:  0    Dex: 12    Spells: 3/4 levels left

rFire    . . .     SeeInvis .   (no weapon)
rCold    . . .     Faith    .   (no shield)
rNeg     . . .     Spirit   .   (helmet restricted)
rPois    .         Reflect  .   (no amulet)
rElec    .         Harm     .   (no ring)
rCorr    .         Rampage  .   (no ring)
Will     .....                  (no ring)
Stlth    +++.......             (no ring)
HPRegen  0.03/turn              (no ring)
MPRegen  0.08/turn              (no ring)
                                (no ring)
                                (no ring)

@: no status effects
A: almost no armour, amphibious, 8 rings, camouflage 1, gelatinous body 1,
(nimble swimmer 1), tentacles
a: no special abilities


You were on level 1 of the Dungeon.
You visited 1 branch of the dungeon, and saw 1 of its levels.

You collected 6 gold pieces.

Inventory:

Potions
 a - a potion of might {unknown}


   Skills:
 - Level 2.0 Dodging
 + Level 3.1 Stealth
 - Level 2.0 Spellcasting
 - Level 4.1 Summonings


You had 3 spell levels left.
You knew the following spells:

 Your Spells              Type           Power      Damage    Failure   Level
a - Summon Small Mammal   Summ           60%        N/A       3%          1

Your spell library contained the following spells:

 Spells                   Type           Power      Damage    Failure   Level
 Call Imp                 Summ           15%        N/A       5%          2
 Call Canine Familiar     Summ           15%        N/A       11%         3
 Summon Guardian Golem    Hex/Summ       8%         N/A       26%         3
 Summon Lightning Spire   Summ/Air       8%         N/A       63%         4


Dungeon Overview and Level Annotations

Branches:
Dungeon (1/15)

Altars:


Innate Abilities, Weirdness & Mutations

You cannot wear most types of armour.
You are amphibious.
You can wear up to eight rings at the same time.
Your skin changes colour to match your surroundings (Stealth+).
Your rubbery body absorbs attacks. (AC +1, EV +1)
((You are camouflaged near water. (Stealth+)))
You have tentacles for arms and can constrict up to eight enemies at once.


Message History

The jackal bites your quokka but does no damage.
You tentacle-slap the jackal.
The jackal is moderately wounded.
You constrict the jackal, but do no damage.
The jackal closely misses you.
The jackal bites you but does no damage.
The jackal bites your quokka but does no damage.
Your quokka misses the jackal. The jackal barely misses you.
The jackal misses you.
You closely miss the jackal. You grab the jackal.
The jackal is heavily wounded.
You constrict the jackal.
You constrict the jackal, but do no damage.
The jackal barely misses your quokka. The jackal closely misses you.
Your quokka bites the jackal but does no damage.
The jackal barely misses you.
The jackal bites your quokka but does no damage.
You barely miss the jackal.
The jackal is moderately wounded.
You constrict the jackal. x2; The jackal barely misses you.
The jackal misses you.
Your quokka bites the jackal.
The jackal dies!
The jackal bites your quokka.
The jackal struggles to escape constriction.
Unknown command.
You tentacle-slap the jackal. You squeeze the jackal.
You kill the jackal!
Your quokka misses the jackal.
Your quokka bites the jackal but does no damage.
Your Stealth skill increases to level 3!
Unknown command.
You tentacle-slap the jackal but do no damage.
Your grab misses the jackal.
The jackal bites you but does no damage.
Your quokka bites the jackal but does no damage.
The jackal bites you but does no damage.
Unknown command.
You closely miss the jackal. You grab the jackal. You constrict the jackal.
The jackal bites you.
You die...

#.........#.#.........#
#.........'.'.........#
#.........#.#.[...†...#
##........#.##.......##
###...####'####...###
########.## #####.
#....# ..... #...##.#
..... #### #@##......
#†h#...... ##r....#
#.....# ##....# ..###
#+#


You could see a jackal (ally target) and a friendly quokka (summoned).

Vanquished Creatures
  A dart slug (D:1)
  A jackal (D:1)
2 creatures vanquished.

Vanquished Creatures (collateral kills)
  A jackal (D:1)
1 creature vanquished.

Grand Total: 3 creatures vanquished

Notes
Turn   | Place    | Note
-------+----------+-------------------------------------------
     0 | D:1      | zeram the Octopode Summoner began the quest for the Orb.
     0 | D:1      | Reached XP level 1. HP: 11/11 MP: 3/3
   236 | D:1      | Slain by a jackal

Illustrated notes

Levels and vault maps discovered:
D:1:      dpeg_arrival_three_smaller_balls, layout_basic, minmay_3d_cube

Skill      XL: |  1 |
---------------+----+-----
Stealth        | 3 |  3.1
Dodging        | |  2.0
Spellcasting   | |  2.0
Summonings     | |  4.1

Action                   || total
-------------------------++-------
Melee: Unarmed           ||    16
       Constrict         ||     5
       Tentacles         ||     1
 Cast: Summon Small Mamm ||     1
 Stab: Sleeping          ||     1
Armor: Skin              ||     4
Dodge: Dodged            ||    18
